 Dungeon Crawl Stone Soup version 0.31-a0-188-g5e087ee2ca (webtiles) character file.

Game seed: 6787601557798775339

28 qw the Shooter (level 3, -1/20 HPs)
             Began as a Deep Elf Hunter on June 23, 2023.
             Slain by a cerulean imp
             ... wielding a +2 spear
             ... summoned by Natasha
              (4 damage)
             ... on level 2 of the Dungeon.
             The game lasted 00:00:18 (981 turns).

qw the Shooter (Deep Elf Hunter)                     Turns: 981, Time: 00:00:19

Health: -1/20      AC:  7    Str: 10    XL:     3   Next: 0%
Magic:  5/5        EV:  6    Int: 13    God:
Gold:   73         SH:  0    Dex: 18    Spells: 2/2 levels left

rFire   . . .        Y - +0 shortbow
rCold   . . .        (shield currently unavailable)
rNeg    . . .        f - +0 scale mail {rPois}
rPois   +            (no helmet)
rElec   .            (no cloak)
rCorr   .            g - +0 pair of gloves
SInv    .            (no boots)
Will    .....        (no amulet)
Stlth   +            (no ring)
HPRegen 0.23/turn    (no ring)
MPRegen 0.09/turn

%: no passive effects
@: slowed, constricted, very slow
A: no striking features
a: no special abilities


You were on level 2 of the Dungeon.
You visited 1 branch of the dungeon, and saw 2 of its levels.

You collected 73 gold pieces.


   Skills:
 - Level 1.5 Fighting
 + Level 6.6 Ranged Weapons
 - Level 2.4 Dodging
 - Level 1.2 Stealth


You had 2 spell levels left.
You didn't know any spells.
Your spell library was empty.

Inventory:

Hand Weapons
 Y - a +0 shortbow (weapon)
Armour
 f - a +0 scale mail of poison resistance (worn)
 g - a +0 pair of gloves (worn)
 j - a +0 ring mail
Jewellery
 b - a +6 ring of intelligence
 e - an amulet of magic regeneration
Scrolls
 h - 2 scrolls of identify
 i - 2 scrolls of immolation {unknown}
Potions
 a - a potion of ambrosia {unknown}
 c - a potion of heal wounds {unknown}
 d - 2 potions of curing {unknown}
 k - 2 potions of enlightenment

Dungeon Overview and Level Annotations

Branches:
Dungeon (2/15)

Altars:

Annotations:
D:2 Natasha


Message History

Enter note:
Enter note:
Enter note:
Enter note:
Enter note:
Enter note: You shoot an arrow.
The arrow misses Natasha.
Natasha stares at you and mumbles some strange words.
You resist with some effort.
You shoot an arrow. The arrow hits the adder.
The adder is heavily wounded.
Natasha casts a spell.
You shoot an arrow. The arrow hits the adder.
The adder is heavily wounded.
A rat comes into view.
The adder bites you.
You are poisoned.
The adder poisons you!
The cerulean imp hits you from afar with a +2 spear.
The ball python barely misses you. x2
You shoot an arrow. The arrow hits the adder.
The adder is almost dead.
You feel sick. The adder closely misses you.
The ball python bites you but does no damage.
The ball python grabs you. The ball python constricts you.
The cerulean imp hits you from afar with a +2 spear.
The adder bites you. Natasha casts a spell at you.
You feel yourself slow down.
You shoot an arrow.
The arrow closely misses the ball python.
You feel sick.
You are no longer poisoned.
The ball python bites you but does no damage.
The ball python constricts you. The adder barely misses you.
The cerulean imp hits you from afar with a +2 spear.
Natasha claws you. The ball python bites you. The ball python constricts you.
The adder bites you but does no damage.
The cerulean imp hits you from afar with a +2 spear.
You die...

##..# #.. .# ##.#
#.# .# #.######
#.### .#
#.))...####...###.#
######............#
##[..........#
#...........#
##..........##..
##..##.@h..r....
#.....SS5..#...
#..........# ..
###### #....>.....#
. ....)#
#....$.....# #..#.#
#..........# ...#.#
#..........# ####.#
#..........# .....#


You could see Natasha, a cerulean imp (summoned), an adder, a ball python and a
rat.

Vanquished Creatures
  A worm (D:2)
  A dart slug (D:2)
  2 endoplasms
  A giant cockroach (D:2)
  3 goblins
  3 hobgoblins
  3 kobolds
  3 ball pythons
  2 bats
  2 frilled lizards
  2 rats
23 creatures vanquished.

Notes
Turn   | Place    | Note
-------+----------+-------------------------------------------
     0 | D:1      | qw the Deep Elf Hunter began the quest for the Orb.
     0 | D:1      | Reached XP level 1. HP: 12/12 MP: 3/3
     0 | D:1      | 0 ||| qw: Version: 0.3-a-9-g12657ce
     0 | D:1      | 0 ||| qw: Game counter: 4169
     0 | D:1      | 0 ||| qw: Always use a shield: true
     0 | D:1      | 0 ||| qw: God list: Okawaru
     0 | D:1      | 0 ||| qw: Allow faded altars: false
     0 | D:1      | 0 ||| qw: Do Orc after D:15 true
     0 | D:1      | 0 ||| qw: Do second Lair branch before Depths: true
     0 | D:1      | 0 ||| qw: Lair rune preference: random
     0 | D:1      | 0 ||| qw: Plans: Normal
     0 | D:1      | 0 ||| PLANNING D:1-11
    63 | D:1      | Found a faded altar of an unknown god.
   530 | D:1      | Reached skill level 6 in Ranged Weapons
   530 | D:1      | Reached XP level 2. HP: 16/16 MP: 4/4
   730 | D:1      | 730 ||| UPGRADING to +0 scale mail of poison resistance.
   740 | D:1      | 740 ||| DROPPING +0 leather armour.
   741 | D:1      | 741 ||| UPGRADING to +0 pair of gloves.
   746 | D:1      | 746 ||| READING scroll labelled YXUJAJ JUFIU.
   749 | D:1      | 749 ||| READING 2 scrolls labelled BIORIA ZEETZUQ.
   750 | D:1      | 750 ||| READING scroll labelled LUUDAA ASEGH.
   751 | D:1      | 751 ||| DRINKING 2 lumpy coppery potions.
   752 | D:1      | 752 ||| DROPPING scroll of butterflies.
   958 | D:2      | Reached XP level 3. HP: 20/20 MP: 5/5
   976 | D:2      | Noticed Natasha
   981 | D:2      | HP: 4/20 [Natasha (2)]
   981 | D:2      | Slain by a cerulean imp

Levels and vault maps discovered:
D:1:      dpeg_arrival_oval, layout_basic, basic_ecumenical_altar
D:2:      layout_basic, uniq_natasha

Skill      XL: |  1 |
---------------+----+-----
Ranged Weapons | 6 |  6.6
Fighting       | |  1.5
Dodging        | |  2.4
Stealth        | |  1.2

Action                     || total
---------------------------++-------
   Fire: Shortbow          ||    57
    Use: Scroll            ||     3
         Potion            ||     1
 Armour: Scale mail        ||    11
  Dodge: Dodged            ||    11

Table legend:
 A = Non-vault XP
 B = Vault XP
 C = Vault XP percentage of total XP
 D = Non-vault monster count
 E = Vault monster count
 F = Vault count percentage of total count
                 A         B        C        D         E       F
            +---------+---------+-------+---------+---------+-------
      Total |      41 |       0 |   0.0 |      23 |       0 |   0.0
            +---------+---------+-------+---------+---------+-------
        D:1 |      15 |       0 |   0.0 |      10 |       0 |   0.0
        D:2 |      26 |       0 |   0.0 |      13 |       0 |   0.0
            +---------+---------+-------+---------+---------+-------
